 Dungeon Crawl Stone Soup version 0.30.0-5-g1a98f26d00 (webtiles) character file.

Game seed: 3337277723097826347

3901 jimonade the Spear-Bearer (level 10, -3/84 HPs)
             Began as a Formicid Monk on May 12, 2023.
             Was a Priest of Dithmenos.
             Slain by an orange demon (11 damage)
             ... summoned by a kobold demonologist
             ... on level 8 of the Dungeon.
             The game lasted 00:28:07 (8125 turns).

jimonade the Spear-Bearer (Formicid Monk)           Turns: 8125, Time: 00:28:08

Health: -3/84      AC: -9    Str: 20    XL:     10   Next: 43%
Magic:  10/10      EV: 11    Int: 10    God:    Dithmenos [***...]
Gold:   1373       SH:  0    Dex: 16    Spells: 9/9 levels left

rFire   + . .        a - +0 halberd
rCold   . . .        d - orb {light}
rNeg    . . .        u - +1 chain mail
rPois   +            (helmet unavailable)
rElec   .            (no cloak)
rCorr   .            (no gloves)
SInv    +            R - +1 pair of boots "Qyocom" {rF+}
Will    +....        (no amulet) Stlth
                     N - +4 ring of protection
HPRegen 0.34/turn    h - ring of poison resistance
MPRegen 0.12/turn

%: no passive effects
@: corroded, studying Polearms
A: permanent stasis, dig shafts and tunnels, antennae 3, four strong arms
a: Dig, Shaft Self, Renounce Religion, Shadow Step


You were on level 8 of the Dungeon.
You worshipped Dithmenos.
Dithmenos was most pleased with you.
You visited 2 branches of the dungeon, and saw 9 of its levels.
You also visited: Sewer.

You collected 1373 gold pieces.

Inventory:

Hand Weapons
 a - a +0 halberd (weapon)
 i - a +0 arbalest
 k - a +0 quarterstaff of holy wrath
 x - a +0 great mace
 D - a +1 spear
 I - a +0 shortbow
 K - a +1 spear of flaming
Missiles
 s - 42 poisoned darts (quivered)
 y - a throwing net
 B - 4 curare-tipped darts
Armour
 d - an orb of light (worn)
 u - a +1 chain mail (worn)
 M - +0 steam dragon scales
 R - the +1 pair of boots "Qyocom" (worn) {rF+}
   (You acquired it on level 6 of the Dungeon)

   rF:        It protects you from fire.
Magical Staves
 G - a staff of conjuration
Jewellery
 g - a +5 ring of evasion
 h - a ring of poison resistance (right hand)
 n - a +5 ring of evasion
 N - a +4 ring of protection (left hand)
 P - a ring of wizardry
Wands
 o - a wand of flame (4)
 H - a wand of paralysis (11)
 O - a wand of polymorph (7)
Scrolls
 f - 7 scrolls of enchant weapon
 j - 2 scrolls of fog
 m - 2 scrolls of enchant armour
 p - 3 scrolls of amnesia
 E - 2 scrolls of identify
 F - a scroll of fear
Potions
 b - 2 potions of attraction {unknown}
 c - 2 potions of ambrosia
 e - a potion of mutation {unknown}
 l - 2 potions of cancellation {unknown}
 q - 4 potions of resistance
 r - a potion of invisibility {unknown}
 t - 2 potions of flight {unknown}
 v - 4 potions of curing {unknown}
 w - a potion of brilliance {unknown}
 z - 4 potions of heal wounds
 A - 2 potions of haste {unknown}
 C - 2 potions of might {unknown}
 L - a potion of magic {unknown}


   Skills:
 + Level 9.7 Fighting
 + Level 9.8 Polearms
 + Level 8.1 Dodging


You had 9 spell levels left.
You didn't know any spells.
Your spell library contained the following spells:

 Spells                   Type           Power      Damage    Failure   Level
 Freeze                   Ice            0%         1d3       98%         1
 Slow                     Hex            0%         N/A       98%         1
 Cigotuvi's Dreadful Rot  Necr/Pois/Air  0%         N/A       99%         2
 Ensorcelled Hibernation  Hex/Ice        0%         N/A       99%         2
 Lesser Beckoning         Tloc           0%         N/A       99%         2
 Momentum Strike          Conj/Tloc      0%         3d8       99%         2
 Passwall                 Tmut/Erth      0%         N/A       99%         2
 Confusing Touch          Hex            0%         N/A       100%        3
 Frozen Ramparts          Ice            0%         1d1       100%        3
 Hailstorm                Conj/Ice       0%         3d3       100%        3
 Inner Flame              Hex/Fire       0%         N/A       100%        3
 Portal Projectile        Hex/Tloc       0%         N/A       100%        3
 Spider Form              Tmut/Pois      0%         N/A       100%        3
 Tukima's Dance           Hex            0%         N/A       100%        3
 Vampiric Draining        Necr           0%         2d6       100%        3
 Anguish                  Hex/Necr       0%         N/A       100%        4
 Dispel Undead            Necr           0%         3d6       100%        4
 Flame Wave               Conj/Fire      0%         2d4       100%        4
 Sticky Flame             Conj/Fire      0%         2d3       100%        4
 Blade Hands              Tmut           0%         N/A       100%        5
 Death Channel            Necr           0%         N/A       100%        6
 Blink                    Tloc           Unusable   N/A       N/A         2
 Swiftness                Air            Unusable   N/A       N/A         3

Dungeon Overview and Level Annotations

Branches:
Dungeon (8/15) Zot: 26713  Temple (1/1) D:6 Zot: 5903   Sewer (visited)
   Lair: D:8-11

Altars:
Cheibriados
Dithmenos
Elyvilon
Hepliaklqana
Kikubaaqudgha
Nemelex Xobeh
Okawaru
Qazlal
Ru
Sif Muna
Zin
The Shining One


Innate Abilities, Weirdness & Mutations

You cannot be hasted, slowed, berserked, paralysed or teleported.
You can dig through walls and to a lower floor.
You have a pair of large antennae on your head. (SInv)
Your four strong arms can wield two-handed weapons with a shield.


Message History

The kobold demonologist looks encouraged for a moment.
You see here a howler monkey corpse.
Items here: ( )))) [[[ †††††.
The smoke demon gestures at you.
The sticky flame hits you but does no damage.
You are covered in liquid flames!
You are covered in liquid flames!
You are covered in liquid flames!
You are no longer on fire.
The smoke demon disappears in a puff of smoke!
The kobold demonologist mumbles some strange words.
Items here: ( )))) [[[ †††††.
Reach: a) +0 halberd
Press: ? - help, Dir - move target, f - kobold demonologist
Aim: a kobold demonologist, wielding a +0 dagger and wearing a +0 robe (about 47% to evade your +0 halberd)
The rust devil is in the way.
You hit the rust devil.
The rust devil is lightly wounded.
The rust devil hits you. The rust devil corrodes you!
Reach: a) +0 halberd
Press: ? - help, Dir - move target, f/p - kobold demonologist
Aim: a kobold demonologist, wielding a +0 dagger and wearing a +0 robe (about 47% to evade your +0 halberd)
The rust devil is in the way.
You puncture the rust devil!
The rust devil is moderately wounded.
The rust devil hits you! The rust devil corrodes you!
Reach: a) +0 halberd
Press: ? - help, Dir - move target, f/p - kobold demonologist
Aim: a kobold demonologist, wielding a +0 dagger and wearing a +0 robe (about 47% to evade your +0 halberd)
The rust devil is in the way.
You hit the rust devil but do no damage.
The rust devil is moderately wounded.
The kobold demonologist mumbles some strange words.
The rust devil hits you! The rust devil corrodes you!
Reach: a) +0 halberd
Press: ? - help, Dir - move target, f/p - kobold demonologist
Aim: a kobold demonologist, wielding a +0 dagger and wearing a +0 robe (about 47% to evade your +0 halberd)
The rust devil is in the way.
You hit the rust devil.
The rust devil is moderately wounded.
The rust devil misses you.
Reach: a) +0 halberd
Press: ? - help, Dir - move target, f/p - kobold demonologist
Aim: a kobold demonologist, wielding a +0 dagger and wearing a +0 robe (about 47% to evade your +0 halberd)
The rust devil is in the way.
You closely miss the rust devil.
The rust devil is moderately wounded.
The kobold demonologist gestures wildly while chanting.
The rust devil hits you! The rust devil corrodes you!
Reach: a) +0 halberd
Press: ? - help, Dir - move target, f/p - kobold demonologist
Aim: a kobold demonologist, wielding a +0 dagger and wearing a +0 robe (about 47% to evade your +0 halberd)
The rust devil is in the way.
You hit the rust devil but do no damage.
The rust devil is moderately wounded.
The kobold demonologist looks encouraged for a moment.
The rust devil hits you. The rust devil corrodes you!
Reach: a) +0 halberd
Press: ? - help, Dir - move target, f/p - kobold demonologist
Aim: a kobold demonologist, wielding a +0 dagger and wearing a +0 robe (about 47% to evade your +0 halberd)
You reach to attack!
You hit the kobold demonologist but do no damage.
The rust devil hits you. The rust devil corrodes you!
Reach: a) +0 halberd
Press: ? - help, Dir - move target, f/p - kobold demonologist
Aim: a kobold demonologist, wielding a +0 dagger and wearing a +0 robe (about 47% to evade your +0 halberd)
You reach to attack!
You closely miss the kobold demonologist.
The rust devil hits you.
* * * LOW HITPOINT WARNING * * *
The rust devil corrodes you!
Reach: a) +0 halberd
Press: ? - help, Dir - move target, f/p - kobold demonologist
Aim: a kobold demonologist, wielding a +0 dagger and wearing a +0 robe (about 47% to evade your +0 halberd)
The rust devil is in the way.
You hit the rust devil but do no damage.
The rust devil is moderately wounded.
The rust devil closely misses you. The orange demon stings you from afar.
* * * LOW HITPOINT WARNING * * *
Reach: a) +0 halberd
Press: ? - help, Dir - move target, f/p - kobold demonologist
Aim: a kobold demonologist, wielding a +0 dagger and wearing a +0 robe (about 47% to evade your +0 halberd)
You reach to attack!
You hit the kobold demonologist but do no damage.
The rust devil hits you!
* * * LOW HITPOINT WARNING * * *
The rust devil corrodes you! The orange demon stings you from afar!
* * * LOW HITPOINT WARNING * * *
Reach: a) +0 halberd
Press: ? - help, Dir - move target, f/p - kobold demonologist
Aim: a kobold demonologist, wielding a +0 dagger and wearing a +0 robe (about 47% to evade your +0 halberd)
You reach to attack!
You miss the kobold demonologist.
The kobold demonologist gestures wildly while chanting.
The rust devil barely misses you. The orange demon stings you from afar!
* * * LOW HITPOINT WARNING * * *
Reach: a) +0 halberd
Press: ? - help, Dir - move target, f/p - kobold demonologist
Aim: a kobold demonologist, wielding a +0 dagger and wearing a +0 robe (about 47% to evade your +0 halberd)
The rust devil is in the way.
You slash the rust devil!
The rust devil is heavily wounded.
The rust devil hits you.
* * * LOW HITPOINT WARNING * * *
The rust devil corrodes you! The orange demon stings you from afar!
You die...

{#.~≈~..P.#
#.~≈≈....#
..#o###≈~....#
###'#oo{#≈~P..$#
....#Koo#≈≈....#
~~~≈#####≈~....#
≈~≈~≈≈≈≈≈≈~....#
≈~~~≈≈~~~≈~...4###
.............†K4@#
..........†).54###
################


You could see an orange demon (summoned), an ice devil (summoned), a rust devil
(summoned), a kobold demonologist and a shadow imp (summoned).

Vanquished Creatures
  An unseen horror (D:6)
  A hornet (D:7)
  A steam dragon (D:6)
  2 wargs (D:8)
  2 orc warriors
  2 black bears
  An ice beast (D:6)
  A centaur (D:5)
  9 kobold brigands
  A gnoll sergeant (D:6)
  3 scorpions
  11 howler monkeys
  3 jellies
  7 orc priests
  A gnoll bouda (D:3)
  7 hounds
  A sleepcap (D:5)
  4 iguanas
  6 orc wizards
  11 gnolls
  18 adders
  2 shadow imps
  3 white imps
  2 worms
  2 dart slugs (D:1)
  18 orcs
  8 endoplasms
  6 giant cockroaches
  4 goblins
  6 hobgoblins
  8 jackals
  9 quokkas
  10 ball pythons
  7 bats
  14 frilled lizards
  14 kobolds
  12 rats
218 creatures vanquished.

Vanquished Creatures (others)
  An orc wizard (D:8)
1 creature vanquished.

Grand Total: 219 creatures vanquished

Notes
Turn   | Place    | Note
-------+----------+-------------------------------------------
     0 | D:1      | jimonade the Formicid Monk began the quest for the Orb.
     0 | D:1      | Reached XP level 1. HP: 18/18 MP: 1/1
   131 | D:1      | Reached XP level 2. HP: 24/24 MP: 2/2
   319 | D:1      | Reached XP level 3. HP: 30/30 MP: 3/3
   832 | D:2      | Reached XP level 4. HP: 33/37 MP: 4/4
  1833 | D:3      | Reached XP level 5. HP: 40/42 MP: 5/5
  2038 | D:3      | Identified the +0 robe of the Hall of Blades {Harm rN+++
                  | Str-4 Int-3}
  2482 | D:4      | Found a glowing drain.
  2504 | Sewer    | Entered a sewer
  2567 | Sewer    | Reached XP level 6. HP: 49/49 MP: 6/6
  2659 | Sewer    | Reached skill level 5 in Fighting
  2872 | Sewer    | Reached skill level 5 in Polearms
  2872 | Sewer    | Reached XP level 7. HP: 53/56 MP: 7/7
  3449 | Sewer    | Reached skill level 5 in Dodging
  3491 | Sewer    | Reached XP level 8. HP: 64/64 MP: 8/8
  3820 | D:4      | Found an ancient bone altar of Kikubaaqudgha.
  4795 | D:5      | Entered Level 5 of the Dungeon
  5465 | D:5      | Reached XP level 9. HP: 67/72 MP: 9/9
  5825 | D:6      | Found a staircase to the Ecumenical Temple.
  5842 | Temple   | Entered the Ecumenical Temple
  5907 | Temple   | Became a worshipper of Dithmenos the Shadowed
  5907 | Temple   | Reached * piety under Dithmenos
  5907 | Temple   | Reached ** piety under Dithmenos
  6437 | D:6      | Noticed an unseen horror
  6455 | D:6      | Killed an unseen horror
  6984 | D:6      | Identified 3 scrolls of acquirement
  6986 | D:6      | Acquired 842 gold pieces
  6988 | D:6      | Acquired the +1 pair of boots "Qyocom" {rF+}
  7005 | D:6      | Acquired a manual of Polearms
  7229 | D:7      | Reached XP level 10. HP: 67/82 MP: 10/10
  7518 | D:7      | Reached *** piety under Dithmenos
  7773 | D:7      | Found a sparkling altar of Nemelex Xobeh.
  7773 | D:7      | Found a stormy altar of Qazlal.
  8089 | D:8      | Noticed a kobold demonologist
  8093 | D:8      | Noticed a smoke demon
  8112 | D:8      | Noticed a rust devil
  8117 | D:8      | Noticed an ice devil
  8119 | D:8      | Noticed an orange demon
  8125 | D:8      | Slain by an orange demon

Illustrated notes

Levels and vault maps discovered:
D:1:      minmay_arrival_four_houses, layout_loops_ring
D:2:      layout_basic, minmay_lizard_king
D:3:      layout_basic, serial_bayou_pond_a, skrybe_limestone_x
D:4:      layout_basic, kiku_gazebo_pond_becter, portal_sewer_entry_f,
          minivault_4, nicolae_zen_rock_garden
D:5:      layout_loops_corners
D:6:      layout_loops_ring, minmay_temple_entry_proselytizer,
          kennysheep_generic_room_3
D:7:      layout_gridville, gammafunk_temple_overflow_elements
D:8:      lemuel_castle_with_subvaults [lemuel_castle_interior_original],
          layout_loops_ring, lair_entry_dummy, gammafunk_ghost_stat_death,
          enter_bailey_3
Temple:   hc_temple_tempest_star

Skill      XL: |  1  2  3  4  5  6  7  8  9 10 |
---------------+-------------------------------+-----
Dodging        | 3 4 5 6 7 8 |  8.1
Fighting       | 4 5 6 7 8 9 |  9.7
Polearms       | 4 5 6 8 9 |  9.8

Action                     |  1- 3 |  4- 6 |  7- 9 | 10-12 || total
---------------------------+-------+-------+-------+-------++-------
  Melee: Spear             |    85 |   212 |   549 |       ||   846
         Halberd           |       |       |    28 |   155 ||   183
  Throw: Dart              |       |       |     2 |       ||     2
Ability: Dig               |       |     1 |       |     1 ||     2
    Use: Scroll            |       |     7 |     6 |     3 ||    16
 Armour: Robe              |     2 |       |       |       ||     2
         Leather armour    |     9 |     6 |       |       ||    15
         Chain mail        |       |    46 |   113 |    73 ||   232
  Dodge: Dodged            |    27 |   105 |   326 |    87 ||   545
